 Dungeon Crawl Stone Soup version 0.29-a0-337-g68df138881 (webtiles) character file.

Game seed: 5857235462864894779

3650 Essalna the Thaumaturge (level 9, -5/54 HPs)
             Began as a Deep Elf Conjurer on Apr 17, 2022.
             Was a Believer of Vehumet.
             Killed from afar by Erica (29 damage)
             ... with a bolt of poison
             ... on level 8 of the Dungeon.
             The game lasted 00:18:43 (7662 turns).

Essalna the Thaumaturge (Deep Elf Conjurer)         Turns: 7662, Time: 00:18:44

Health: -5/54      AC:  2    Str:  4    XL:     9   Next: 88%
Magic:  15/24      EV: 14    Int: 28    God:    Vehumet [**....]
Gold:   427        SH:  0    Dex: 15    Spells: 20/27 levels left

rFire   . . .      SeeInvis .   u - +10 flail of Beogh's Felicitations {venom, Dex+2}
rCold   . . .      Faith    .   (no shield)
rNeg    . . .      Spirit   .   a - +0 robe
rPois   .          Reflect  .   (no helmet)
rElec   .          Harm     .   r - scarf {+Inv}
rCorr   .          Rampage  .   (no gloves)
Will    .....                   (no boots)
Stlth   ++........              v - amulet of magic regeneration
HPRegen 0.18/turn               (no ring)
MPRegen 0.59/turn               (no ring)

@: lethally poisoned (-5 -> -25)
A: no striking features
a: Renounce Religion, Evoke Invisibility


You were on level 8 of the Dungeon.
You worshipped Vehumet.
Vehumet was pleased with you.
You visited 2 branches of the dungeon, and saw 9 of its levels.

You collected 427 gold pieces.

Inventory:

Hand Weapons
 l - a +1 dagger of pain
 u - the +10 flail of Beogh's Felicitations (weapon) {venom, Dex+2}
   (You found it on level 4 of the Dungeon)

   It poisons the flesh of those it strikes.
   Dex:       It affects your dexterity (+2).
Missiles
 q - 2 throwing nets
Armour
 a - a +0 robe (worn)
 r - a scarf of invisibility (worn)
Magical Staves
 x - a staff of cold
 C - a staff of earth
Jewellery
 v - an amulet of magic regeneration (around neck)
Wands
 y - a wand of mindburst (7)
 A - a wand of iceblast (10)
 B - a wand of polymorph (7)
Scrolls
 c - 2 scrolls of teleportation {unknown}
 e - 13 scrolls of identify {unknown}
 f - a scroll of enchant weapon {unknown}
 g - 2 scrolls of blinking {unknown}
 h - 2 scrolls of vulnerability {unknown}
 m - a scroll of fog {unknown}
 p - 2 scrolls of noise {unknown}
 w - 4 scrolls of enchant armour {unknown}
 E - a scroll of holy word {unknown}
Potions
 b - 3 potions of magic
 d - 2 potions of degeneration {unknown}
 i - a potion of lignification {unknown}
 j - 3 potions of attraction {unknown}
 k - 5 potions of curing {unknown}
 n - 2 potions of mutation {unknown}
 o - 2 potions of resistance {unknown}
 s - 3 potions of heal wounds {unknown}
 t - a potion of haste
 z - a potion of flight {unknown}
 D - a potion of ambrosia {unknown}


   Skills:
 + Level 5.3 Fighting
 + Level 2.4 Armour
 + Level 4.8 Dodging
 - Level 2.4 Stealth
 + Level 9.9 Spellcasting
 + Level 9.2 Conjurations
 + Level 5.8 Translocations


You had 20 spell levels left.
You knew the following spells:

 Your Spells              Type           Power      Damage    Failure   Level
a - Magic Dart            Conj           100%       1d8       1%          1
b - Searing Ray           Conj           100%       2d8       1%          2
c - Iskenderun's Mystic   Conj/Tloc      54%        2d12      1%          4

Your spell library contained the following spells:

 Spells                   Type           Power      Damage    Failure   Level
 Freeze                   Ice            52%        1d7       4%          1
 Apportation              Tloc           92%        N/A       1%          1
 Conjure Flame            Conj/Fire      39%        6-21      1%          3
 Dazzling Flash           Conj/Hex       78%        N/A       1%          3
 Gell's Gravitas          Tloc           46%        N/A       1%          3
 Teleport Other           Tloc           46%        N/A       1%          3
 Animate Skeleton         Necr           26%        N/A       4%          1
 Slow                     Hex            52%        N/A       4%          1
 Summon Small Mammal      Summ           52%        N/A       4%          1
 Scorch                   Fire           26%        2d6       6%          2
 Flame Wave               Conj/Fire      39%        2d9       6%          4
 Fulminant Prism          Conj/Hex       19%        3d11      6%          4
 Sticky Flame             Conj/Fire      39%        2d6       6%          4
 Confusing Touch          Hex            13%        N/A       12%         3
 Ignite Poison            Fire/Tmut/Pois 13%        N/A       12%         3
 Vampiric Draining        Necr           13%        2d6       12%         3
 Dispersal                Tloc           23%        N/A       50%         6
 Summon Cactus Giant      Summ           6%         N/A       99%         6


Dungeon Overview and Level Annotations

Branches:
Dungeon (8/15)             Temple (1/1) D:5
   Lair: D:8-11

Altars:
Cheibriados
Dithmenos
Elyvilon
Fedhas
Kikubaaqudgha
Makhleb
Nemelex Xobeh
Okawaru
Qazlal
Ru
Sif Muna
Trog
Uskayaw
Vehumet
Wu Jian
Xom
Yredelemnul
Zin
The Shining One

Shops:
D:4 *   D:5 =

Annotations:
D:6 2 transporters, Murumi's ghost, novice GrFi
D:8 Erica


Message History

You hear a bellow! x2
The magic dart hits Erica.
Erica is heavily wounded.
An orc priest comes into view.
It is wielding a +2 short sword of flaming.
Erica gestures at you while chanting. The bolt of poison hits you!
You are poisoned.
You hear a bellow!
You feel very sick.
The orc wizard mumbles some strange words.
The orc wizard flickers and vanishes!
Deactivating autopickup; reactivate with Ctrl-A.
Casting: Magic Dart (safe; 1% risk of failure)
Confirm with . or Enter, or press ? or * to list all spells.
You erupt in a blast of force!
The mystic blast hits Erica!
Erica is severely wounded.
Erica is knocked back by the mystic blast.
You feel sick.
You hear a bellow!
A magic dart appears from out of thin air!
The magic dart hits you!
You feel sick.
Casting: Iskenderun's Mystic Blast (dangerous; 1% risk of failure)
Confirm with . or Enter, or press ? or * to list all spells.
Okay, then.
Casting: Iskenderun's Mystic Blast (dangerous; 1% risk of failure)
Confirm with . or Enter, or press ? or * to list all spells.
Aiming: Magic Dart (safe; 1% risk of failure)
Press: ? - help, Shift-Dir - straight line, f/p - Erica
Aim: Erica, wielding a +1 scimitar of flaming and wearing a +2 robe of willpower (severely wounded, fast, 100% to hit)
The magic dart hits Erica.
Erica is severely wounded.
You feel sick.
Erica points at you and mumbles some strange words.
You resist with some effort. Erica casts a spell at you.
The bolt of poison hits you!!
You are more poisoned.
Ouch! That really hurt!
You die... o

.... #. #..#
)##..## .{...#
....# .@. #.#
##'#######
#@.......#
#........#
#........#
#........#
#........#
#........#
####.##...##
#.##.########+###
#.........)..<..#


You could see Erica (fast).

Vanquished Creatures
  Grinder (D:6)
  9 yaks
  The ghost of hemabe1971 the Charlatan, an amateur HuAr (D:4)
  A sky beast (D:6)
  3 black bears
  2 ice beasts (D:7)
  2 ogres
  A phantom (D:6)
  2 kobold brigands
  3 bullfrogs
  2 necrophages
  4 scorpions
  An orc priest (D:7)
  A gnoll shaman (D:6)
  2 hounds (D:5)
  2 jellies
  Jessica (D:2)
  2 orc wizards (D:7)
  16 gnolls
  9 adders
  A shadow imp (D:5)
  A white imp (D:6)
  An ufetubus (D:4)
  2 worms
  3 dart slugs
  10 orcs
  4 endoplasms
  2 giant cockroaches (D:2)
  6 goblins
  5 hobgoblins
  9 kobolds
  2 quokkas
  5 ball pythons
  3 bats
  2 frilled lizards
  6 rats
127 creatures vanquished.

Notes
Turn   | Place    | Note
-------+----------+-------------------------------------------
     0 | D:1      | Essalna the Deep Elf Conjurer began the quest for the Orb.
     0 | D:1      | Reached XP level 1. HP: 10/10 MP: 6/6
   246 | D:1      | Reached XP level 2. HP: 15/15 MP: 6/8
   390 | D:1      | Found a faded altar of an unknown god.
   713 | D:1      | Learned a level 2 spell: Searing Ray
   779 | D:1      | Reached skill level 5 in Conjurations
   927 | D:2      | Reached XP level 3. HP: 19/19 MP: 6/10
  1350 | D:2      | Noticed Jessica
  1353 | D:2      | Killed Jessica
  1354 | D:2      | Reached XP level 4. HP: 24/24 MP: 7/12
  2045 | D:3      | Learned a level 4 spell: Iskenderun's Mystic Blast
  2167 | D:3      | Reached skill level 5 in Spellcasting
  2807 | D:4      | Reached XP level 5. HP: 28/28 MP: 10/14
  2936 | D:4      | Found a runed translucent gate.
  2936 | D:4      | Found a runed translucent gate.
  2969 | D:4      | Identified the +10 flail of Beogh's Felicitations {venom,
                  | Dex+2}
  3112 | D:4      | Noticed hemabe1971's ghost (amateur HuAr)
  3248 | D:4      | Found a runed translucent gate.
  3368 | D:4      | Found Gexzeota's Mayhem Merchandise.
  3485 | D:5      | Entered Level 5 of the Dungeon
  3549 | D:5      | Noticed an ogre
  3557 | D:5      | Reached skill level 1 in Fighting
  3705 | D:5      | Found Pupoeref's Jewellery Shoppe.
  3911 | D:5      | Killed an ogre
  3912 | D:5      | Reached XP level 6. HP: 35/35 MP: 10/17
  4575 | D:5      | Found a staircase to the Ecumenical Temple.
  4584 | Temple   | Entered the Ecumenical Temple
  4691 | Temple   | Became a worshipper of Vehumet
  4776 | D:5      | Reached XP level 7. HP: 40/40 MP: 16/19
  4997 | D:6      | Noticed a yak
  4997 | D:6      | Noticed a yak
  4997 | D:6      | Noticed a yak
  5083 | D:6      | Reached skill level 1 in Translocations
  5369 | D:6      | Noticed a shadow
  5381 | D:6      | Noticed Murumi's ghost (novice GrFi)
  5414 | D:6      | Found a transporter.
  5417 | D:6      | Found a transporter.
  5486 | D:6      | Reached XP level 8. HP: 30/46 MP: 15/21
  5680 | D:6      | Noticed Grinder
  5691 | D:6      | Killed Grinder
  5982 | D:6      | Found a glowing golden altar of the Shining One.
  6062 | D:6      | Reached * piety under Vehumet
  6062 | D:6      | Offered knowledge of Shock by Vehumet.
  6395 | D:4      | Killed hemabe1971's ghost
  6396 | D:4      | Reached XP level 9. HP: 34/52 MP: 8/24
  6634 | D:7      | Reached skill level 1 in Armour
  6634 | D:7      | Reached skill level 5 in Translocations
  6670 | D:7      | Reached skill level 5 in Fighting
  6675 | D:7      | Reached ** piety under Vehumet
  6675 | D:7      | Offered knowledge of Freeze by Vehumet.
  6770 | D:7      | Identified the +0 ring mail of Spite {Harm Int+7 Slay-5
                  | Stlth+}
  6974 | D:7      | Found a shimmering altar of Xom.
  7651 | D:8      | Noticed Erica
  7662 | D:8      | Killed from afar by Erica

Illustrated notes

Levels and vault maps discovered:
D:1:      onia_arrival_pentagram, layout_basic,
          hellmonk_ecumenical_altar_blasted
D:2:      layout_loops_ring, uniq_jessica
D:3:      layout_loops_corners
D:4:      layout_basic, gammafunk_ghost_split, minmay_misc_feat_alley,
          minmay_shop_mayhem, minmay_misc_feat_secret_circle
D:5:      layout_loops_ring, minmay_temple_entry_poolview, serial_rivers,
          chequers_serial_rivers_room_b, chequers_serial_rivers_small_3,
          chequers_serial_rivers_marsh, chequers_serial_rivers_marsh,
          chequers_serial_rivers_micro_d, serial_shops, shop,
          ebering_dispersal_statue_hall, hangedman_abyss_or_decor_passed
D:6:      layout_gridville, mainiacjoe_overflow_alcove_1, gammafunk_ghost_arena,
          uniq_grinder
D:7:      layout_rooms, amcnicky_altar_gilded
D:8:      layout_gridville, erik_lair_orcish_takeover, uniq_maurice, uniq_erica
Temple:   mainiacjoe_temple_bowtie_tessellation

Skill      XL: |  1  2  3  4  5  6  7  8  9 |
---------------+----------------------------+-----
Spellcasting   | 4 5 6 7 9 |  9.9
Conjurations   | 5 6 7 8 9 |  9.2
Fighting       | 2 3 4 5 |  5.3
Translocations | 2 4 5 |  5.8
Dodging        | 4 |  4.8
Armour         | 2 |  2.4
Stealth        | |  2.4

Action                   |  1- 3 |  4- 6 |  7- 9 || total
-------------------------+-------+-------+-------++-------
Melee: Flail             |       |       |     7 ||     7
 Cast: Magic Dart        |    64 |    93 |   114 ||   271
       Searing Ray       |       |     6 |     9 ||    15
       Iskenderun's Myst |       |       |    41 ||    41
Armor: Robe              |     3 |     2 |    11 ||    16
Dodge: Dodged            |     2 |     5 |    22 ||    29

Table legend: (Time is in decaauts)
 A = Elapsed time spent in this place.
 B = Non-inter-level travel time spent in this place.
 C = Inter-level travel time spent in this place.
 D = Time resting spent in this place.
 E = Time spent auto-exploring this place.
 F = Levels seen in this place.
 G = Mean time per level.
                   A        B        C        D        E       F      G
               +--------+--------+--------+--------+--------+-----+--------+
         Total |   7693 |   7379 |    314 |    265 |   6214 |   9 |  854.8 |
       Dungeon |   7575 |   7271 |    304 |    265 |   6126 |   8 |  946.9 |
        Temple |    117 |    107 |     10 |      0 |     88 |   1 |  117.0 |
               +--------+--------+--------+--------+--------+-----+--------+

Top non-repeatable levels by time:
     D:5: 1459 daAuts
     D:6: 1454 daAuts
     D:2: 992 daAuts
     D:4: 956 daAuts
     D:1: 915 daAuts
     D:7: 886 daAuts
     D:3: 812 daAuts
  Temple: 117 daAuts
     D:8: 99 daAuts
